 Dungeon Crawl Stone Soup version 0.28.0-43-g3370ac3207 (webtiles) character file.

Game seed: 18362143304442895657

779 DungeonDestroyer the Shield-Bearer (level 7, 0/60 HPs)
             Began as a Gnoll Fighter on Mar 5, 2022.
             Was a Plaything of Xom.
             Slain by a gargoyle
             ... wielding a +0 mace
              (7 damage)
             ... on level 5 of the Dungeon on Mar 6, 2022.
             The game lasted 00:08:07 (5599 turns).

DungeonDestroyer the Shield-Bearer (Gnoll Fighter)  Turns: 5599, Time: 00:08:08

Health: 0/60       AC: 13    Str: 16    XL:     7   Next: 85%
Magic:  11/11      EV:  7    Int:  7    God:    Xom [..*...]
Gold:   269        SH:  6    Dex: 13    Spells: 11/11 levels left

rFire   . . .      SeeInvis .     - Unarmed
rCold   . . .      Faith    .   c - +0 buckler
rNeg    . . .      Spirit   .   l - +0 chain mail
rPois   .          Reflect  .   g - +1 hat
rElec   .          Harm     .   (no cloak)
rCorr   .          Rampage  .   (no gloves)
Will    .....                   j - +1 pair of boots
Stlth   ..........              (no amulet)
HPRegen 0.20/turn               (no ring)
MPRegen 0.12/turn               (no ring)

@: no status effects
A: fangs 1, strong nose, distributed training
a: Renounce Religion


You were on level 5 of the Dungeon.
You worshipped Xom.
You were a toy of Xom.
You visited 1 branch of the dungeon, and saw 5 of its levels.

You collected 269 gold pieces.

Inventory:

Hand Weapons
 a - a +0 long sword
Missiles
 b - 30 arrows
 f - 199 stones (quivered)
 i - 44 bolts
 k - 8 poisoned darts
 o - 28 sling bullets
Armour
 c - a +0 buckler (worn)
 g - a +1 hat (worn)
 j - a +1 pair of boots (worn)
 l - a +0 chain mail (worn)
Magical Staves
 e - a staff of conjuration
Wands
 m - a wand of acid (18)
Scrolls
 h - a scroll of teleportation
 n - a scroll of fear
 q - a scroll of noise
Potions
 d - a potion of might


   Skills:
 + Level 7.1 Fighting
 + Level 2.7 Short Blades
 + Level 5.4 Long Blades
 + Level 2.7 Axes
 + Level 2.7 Maces & Flails
 + Level 2.7 Polearms
 + Level 2.7 Staves
 + Level 2.7 Slings
 + Level 2.7 Bows
 + Level 2.7 Crossbows
 + Level 2.7 Throwing
 + Level 7.1 Armour
 + Level 2.7 Dodging
 + Level 2.7 Stealth
 + Level 7.1 Shields
 + Level 2.7 Unarmed Combat
 + Level 2.7 Spellcasting
 + Level 2.2 Conjurations
 + Level 2.2 Hexes
 + Level 2.2 Summonings
 + Level 2.2 Necromancy
 + Level 2.2 Translocations
 + Level 2.2 Transmutations
 + Level 2.2 Fire Magic
 + Level 2.2 Ice Magic
 + Level 2.2 Air Magic
 + Level 2.2 Earth Magic
 + Level 2.2 Poison Magic
 + Level 3.0 Invocations
 + Level 2.7 Evocations


You had 11 spell levels left.
You didn't know any spells.
Your spell library contained the following spells:

 Spells                   Type           Power      Damage    Failure   Level
 Sandblast                Erth           8%         2d5       93%         1
 Passwall                 Tmut/Erth      3%         N/A       98%         2
 Stone Arrow              Conj/Erth      8%         3d7       100%        3


Dungeon Overview and Level Annotations

Branches:
Dungeon (5/15)
 Temple: D:4-7

Altars:
Qazlal
Xom


Innate Abilities, Weirdness & Mutations

You have very sharp teeth.
Your uncanny sense of smell can sniff out nearby items.
Your experience applies equally to all skills.


Message History

The gargoyle hurls a stone arrow at you.
The stone arrow misses you.
You barely miss the gargoyle.
The gargoyle is moderately damaged.
The gargoyle hits you with a +0 mace!
You are too injured to fight recklessly!
You are too injured to fight recklessly!
You are too injured to fight recklessly!
You are too injured to fight recklessly!
You are too injured to fight recklessly!
You are too injured to fight recklessly!
You are too injured to fight recklessly!
You are too injured to fight recklessly!
You are too injured to fight recklessly!
You are too injured to fight recklessly!
You are too injured to fight recklessly!
You are too injured to fight recklessly!
You are too injured to fight recklessly!
You are too injured to fight recklessly!
You are too injured to fight recklessly!
You are too injured to fight recklessly!
You hit the gargoyle but do no damage.
The gargoyle is moderately damaged.
The gargoyle hits you but does no damage.
Unknown command.
You barely miss the gargoyle.
The gargoyle is moderately damaged.
The gargoyle barely misses you.
Unknown command.
You barely miss the gargoyle.
The gargoyle is moderately damaged.
The gargoyle hurls a stone arrow at you.
The stone arrow hits you!!
* * * LOW HITPOINT WARNING * * *
Unknown command.
You hit the gargoyle. Your bite misses the gargoyle.
The gargoyle is moderately damaged.
The gargoyle hits you with a +0 mace!
You die...
Xom roars with laughter!

.......## ##.##...##
##.##....###############
...##.#..####...###...##
###.#.#..###)...###....#
##....#..###....###....#
##
#.....#..##..#...#...#..
...
#.....##..#..##..9..##..
.##
#.#.#.###....###@..###..
#.###.####...###...###..
#.##...# #######...##
#.###.##.# #########
#........# #.#
#####.#### #.# #.# ##.##
#.# ##...##
#.#####.....#


You could see a gargoyle (corroded).

Vanquished Creatures
  A black bear (D:5)
  An ogre (D:4)
  A water moccasin zombie (D:5)
  2 water moccasin skeletons (D:4)
  2 hounds (D:5)
  2 orc priests (D:3)
  A bullfrog skeleton (D:4)
  An iguana (D:4)
  An orc wizard (D:3)
  A scorpion zombie (D:5)
  Robin (D:2)
  9 adders
  An adder skeleton (D:4)
  5 worms
  A dart slug (D:2)
  9 orcs
  10 ball pythons
  7 bats
  7 endoplasms
  2 giant cockroaches (D:2)
  15 goblins
  8 hobgoblins
  8 jackals
  7 kobolds
  2 quokkas (D:1)
  3 frilled lizards
  6 rats
114 creatures vanquished.

Notes
Turn   | Place    | Note
-------+----------+-------------------------------------------
     0 | D:1      | DungeonDestroyer the Gnoll Fighter began the quest for the
                  | Orb.
     0 | D:1      | Reached XP level 1. HP: 23/23 MP: 1/1
   275 | D:1      | Reached XP level 2. HP: 29/29 MP: 2/2
   578 | D:1      | Reached XP level 3. HP: 35/35 MP: 3/3
  1014 | D:2      | Noticed Robin
  1026 | D:2      | Reached skill level 1 in Invocations
  1047 | D:2      | Killed Robin
  1048 | D:2      | Reached skill level 1 in Short Blades
  1048 | D:2      | Reached skill level 1 in Axes
  1048 | D:2      | Reached skill level 1 in Maces & Flails
  1048 | D:2      | Reached skill level 1 in Polearms
  1048 | D:2      | Reached skill level 1 in Staves
  1048 | D:2      | Reached skill level 1 in Slings
  1048 | D:2      | Reached skill level 1 in Bows
  1048 | D:2      | Reached skill level 1 in Crossbows
  1048 | D:2      | Reached skill level 1 in Throwing
  1048 | D:2      | Reached skill level 1 in Dodging
  1048 | D:2      | Reached skill level 1 in Stealth
  1048 | D:2      | Reached skill level 1 in Unarmed Combat
  1048 | D:2      | Reached skill level 1 in Spellcasting
  1048 | D:2      | Reached skill level 1 in Evocations
  1104 | D:2      | Reached XP level 4. HP: 22/41 MP: 5/5
  1777 | D:2      | Reached skill level 1 in Conjurations
  1777 | D:2      | Reached skill level 1 in Hexes
  1777 | D:2      | Reached skill level 1 in Summonings
  1777 | D:2      | Reached skill level 1 in Necromancy
  1777 | D:2      | Reached skill level 1 in Translocations
  1777 | D:2      | Reached skill level 1 in Transmutations
  1777 | D:2      | Reached skill level 1 in Fire Magic
  1777 | D:2      | Reached skill level 1 in Ice Magic
  1777 | D:2      | Reached skill level 1 in Air Magic
  1777 | D:2      | Reached skill level 1 in Earth Magic
  1777 | D:2      | Reached skill level 1 in Poison Magic
  2044 | D:2      | Reached XP level 5. HP: 47/47 MP: 6/6
  2598 | D:3      | HP: 2/47 [something/puff of flame (9)]
  2600 | D:3      | Reached XP level 6. HP: 2/53 MP: 8/8
  3125 | D:3      | Found a faded altar of an unknown god.
  3304 | D:4      | Found a stormy altar of Qazlal.
  3448 | D:4      | Reached skill level 5 in Long Blades
  4116 | D:4      | Reached XP level 7. HP: 34/60 MP: 10/10
  4748 | D:5      | Entered Level 5 of the Dungeon
  5179 | D:5      | Found an ancient bone altar of Kikubaaqudgha.
  5181 | D:5      | Found a blossoming altar of Fedhas.
  5181 | D:5      | Found a snail-covered altar of Cheibriados.
  5183 | D:5      | Found a hazy altar of Hepliaklqana.
  5183 | D:5      | Found a shimmering altar of Xom.
  5183 | D:5      | Found a snail-covered altar of Cheibriados.
  5210 | D:5      | Became a worshipper of Xom of Chaos
  5584 | D:5      | Noticed a gargoyle
  5599 | D:5      | Slain by a gargoyle

Illustrated notes

Levels and vault maps discovered:
D:1:      dpeg_arrival_leaves_temple_mockup, layout_basic, lemuel_flame_loot_1
D:2:      layout_loops_cross, uniq_robin
D:3:      layout_rooms, shapermc_ecumenical_altar_acropolis
D:4:      layout_loops_corners, nicolae_qazlal_scattered_showers
D:5:      layout_loops_corners, doesnt_xom_only_xom,
          eino_small_chamber_without_monster, hangedman_glass_teeth

Skill      XL: |  1  2  3  4  5  6  7 |
---------------+----------------------+-----
Invocations    | 1 2 3 |  3.0
Short Blades   | 1 2 |  2.7
Axes           | 1 2 |  2.7
Maces & Flails | 1 2 |  2.7
Polearms       | 1 2 |  2.7
Staves         | 1 2 |  2.7
Slings         | 1 2 |  2.7
Bows           | 1 2 |  2.7
Crossbows      | 1 2 |  2.7
Throwing       | 1 2 |  2.7
Dodging        | 1 2 |  2.7
Stealth        | 1 2 |  2.7
Unarmed Combat | 1 2 |  2.7
Spellcasting   | 1 2 |  2.7
Evocations     | 1 2 |  2.7
Conjurations   | 1 2 |  2.2
Hexes          | 1 2 |  2.2
Summonings     | 1 2 |  2.2
Necromancy     | 1 2 |  2.2
Translocations | 1 2 |  2.2
Transmutations | 1 2 |  2.2
Fire Magic     | 1 2 |  2.2
Ice Magic      | 1 2 |  2.2
Air Magic      | 1 2 |  2.2
Earth Magic    | 1 2 |  2.2
Poison Magic   | 1 2 |  2.2
Long Blades    | 5 |  5.4
Fighting       | 7 |  7.1
Armour         | 7 |  7.1
Shields        | 7 |  7.1

Action                   |  1- 3 |  4- 6 |  7- 9 || total
-------------------------+-------+-------+-------++-------
Melee: Long sword        |   120 |   279 |    51 ||   450
       Bite              |     5 |    34 |     9 ||    48
       Unarmed           |       |       |    29 ||    29
Evoke: Wand              |       |       |     1 ||     1
  Use: Scroll            |     2 |     1 |     4 ||     7
       Potion            |     1 |     2 |     1 ||     4
Armor: Scale mail        |    91 |    91 |       ||   182
       Chain mail        |       |    39 |    56 ||    95
Dodge: Dodged            |    66 |   101 |    26 ||   193
Block: Buckler           |    48 |    74 |    21 ||   143
